 Dungeon Crawl Stone Soup version 0.29-a0-297-g7659ce593d (console) character file.

Game seed: 21428257569524230

90343 Gather the Destroyer (level 15, 0/107 HPs)
             Began as a Mummy Conjurer on Mar 19, 2022.
             Was a High Priest of Makhleb.
             Slain by a radroach (17 damage)
             ... on level 2 of the Lair of Beasts on Mar 20, 2022.
             The game lasted 02:57:45 (48157 turns).

Gather the Destroyer (Mummy Conjurer)              Turns: 48157, Time: 02:57:45

Health: 0/107      AC: 11    Str:  7      XL:     15   Next: 51%
Magic:  31/31      EV: 12    Int: 30      God:    Makhleb [*****.]
Gold:   1715       SH:  0    Dex:  9 (10) Spells: 8/39 levels left

rFire   + + +      SeeInvis .   a - +1 falchion {pain, rF+++ Will+ Str-5 Stlth+}
rCold   + + .      Faith    .   y - +1 kite shield
rNeg    + + +      Spirit   .   S - +0 robe {rC+ rF+}
rPois   ∞          Reflect  .   d - +2 hat
rElec   .          Harm     .   i - +1 cloak
rCorr   .          Rampage  .   U - +1 pair of gloves
Will    ++...                   f - +2 pair of boots
Stlth   ++........              (no amulet)
HPRegen 0.27/turn               v - +6 ring of intelligence
MPRegen 0.22/turn               A - ring of wizardry

@: confused
A: cold resistance 1, negative energy resistance 3, torment resistance 2, heat
vulnerability 1, in touch with death 2, no potions
a: Renounce Religion, Minor Destruction, Lesser Servant of Makhleb, Major
Destruction, Greater Servant of Makhleb


You were on level 2 of the Lair of Beasts.
You worshipped Makhleb.
Makhleb was extremely pleased with you.
You visited 5 branches of the dungeon, and saw 25 of its levels.
You also visited: Ice Cave.

You collected 2412 gold pieces.
You spent 697 gold pieces at shops.

Inventory:

Hand Weapons
 a - the +1 falchion of Ignis's Hatred (weapon) {pain, rF+++ Will+ Str-5 Stlth+}
   (You found it on level 2 of the Lair of Beasts)

   In the hands of one skilled in necromantic magic, it inflicts extra damage on
   living creatures.
   Str:       It affects your strength (-5).
   rF:        It renders you almost immune to fire.
   Will:      It increases your willpower.
   Stlth:     It makes you more stealthy.
 g - a +6 dagger
 x - a +1 dagger of flaming
 Q - a +0 triple sword of electrocution
Missiles
 e - 25 boomerangs
 h - 27 poisoned darts (quivered)
 q - 4 throwing nets
 w - 5 curare-tipped darts
Armour
 d - a +2 hat (worn)
 f - a +2 pair of boots (worn)
 i - a +1 cloak (worn)
 m - a +0 buckler
 y - a +1 kite shield (worn)
 C - a +0 helmet
 I - the +4 ring mail "Uxazunuz" {Regen+ Str-2 Slay+5 Stlth-}
   (You found it on level 11 of the Dungeon)

   Str:       It affects your strength (-2).
   Slay:      It affects your accuracy & damage with ranged weapons and melee
   (+5).
   Regen:     It increases your rate of health regeneration.
   Stlth:     It makes you less stealthy.
 J - an orb of energy
 S - a +0 robe of resistance (worn)
 U - a +1 pair of gloves (worn)
Magical Staves
 b - a staff of conjuration
 N - a staff of fire
Jewellery
 c - a ring of willpower
 l - a ring of flight
 p - an amulet of faith
 r - a ring of resist corrosion
 u - a ring of ice
 v - a +6 ring of intelligence (left hand)
 z - a ring of see invisible
 A - a ring of wizardry (right hand)
 O - a +6 ring of dexterity
 R - a ring of ice
 V - a +6 ring of intelligence
 Z - a ring of wizardry
Wands
 n - a wand of paralysis (5)
 t - a wand of iceblast (47)
 H - a wand of acid (16)
 K - a wand of flame (2)
 W - a wand of polymorph (11)
Scrolls
 j - 8 scrolls of identify
 k - 2 scrolls of fear
 o - a scroll of summoning
 s - 6 scrolls of teleportation
 B - 4 scrolls of blinking
 D - 2 scrolls of silence
 F - 3 scrolls of fog
 L - 2 scrolls of magic mapping
 M - 3 scrolls of amnesia
 P - 2 scrolls of brand weapon
 X - a scroll of enchant weapon


   Skills:
 + Level 6.7 Fighting
 - Level 0.8 Long Blades
 - Level 1.7 Armour
 - Level 6.1 Dodging
 - Level 7.7 Stealth
 - Level 8.2 Shields
 + Level 12.6 Spellcasting
 + Level 14.6 Conjurations
 - Level 4.8 Hexes
 + Level 6.8 Necromancy
 - Level 5.0 Transmutations
 - Level 5.2 Evocations


You had 8 spell levels left.
You knew the following spells:

 Your Spells              Type           Power      Damage    Failure   Level
a - Searing Ray           Conj           100%       2d8       1%          2
b - Orb of Destruction    Conj           41%        9d11      6%          7
c - Dazzling Flash        Conj/Hex       100%       N/A       1%          3
d - Animate Dead          Necr           47%        N/A       1%          4
e - Magic Dart            Conj           100%       1d8       0%          1
f - Fulminant Prism       Conj/Hex       33%        3d16      1%          4
s - Iskenderun's Battles  Conj           82%        2d13      1%          5
x - Irradiate             Conj/Tmut      33%        3d25      1%          5

Your spell library contained the following spells:

 Spells                   Type           Power      Damage    Failure   Level
 Animate Skeleton         Necr           100%       N/A       1%          1
 Static Discharge         Conj/Air       58%        N/A       1%          2
 Iskenderun's Mystic Bla  Conj/Tloc      58%        2d12      1%          4
 Apportation              Tloc           38%        N/A       2%          1
 Summon Small Mammal      Summ           76%        N/A       2%          1
 Portal Projectile        Hex/Tloc       66%        N/A       2%          3
 Fireball                 Conj/Fire      29%        3d13      3%          5
 Lightning Bolt           Conj/Air       29%        1d45      3%          5
 Agony                    Necr           94%        N/A       4%          5
 Call Canine Familiar     Summ           19%        N/A       8%          3
 Gell's Gravitas          Tloc           19%        N/A       8%          3
 Lesser Beckoning         Tloc           19%        N/A       8%          3
 Teleport Other           Tloc           19%        N/A       8%          3
 Petrify                  Tmut/Erth      34%        N/A       9%          4
 Leda's Liquefaction      Hex/Erth       16%        N/A       10%         4
 Conjure Ball Lightning   Conj/Air       29%        3x3d8     21%         6
 Starburst                Conj/Fire      29%        6d9       21%         6
 Summon Lightning Spire   Summ/Air       19%        N/A       26%         4
 Silence                  Hex/Air        16%        N/A       26%         5
 Haunt                    Necr/Summ      36%        N/A       99%         7
 Infestation              Necr           47%        N/A       100%        8
 Maxwell's Capacitive Co  Air            9%         ∞         100%        8
 Chain Lightning          Conj/Air       29%        3d38      100%        9
 Fire Storm               Conj/Fire      29%        8d7       100%        9
 Shatter                  Erth           9%         3d11*     100%        9
 Sublimation of Blood     Necr           Unusable   N/A       N/A         2
 Storm Form               Tmut/Air       Unusable   N/A       N/A         7

Dungeon Overview and Level Annotations

Branches:
Dungeon (15/15)            Temple (1/1) D:6            Lair (6/6) D:8
 Shoals (0/4) Lair:4       Spider (1/4) Lair:2        Slime (0/5) Lair:6
    Orc (2/2) D:11            Elf (0/3) Orc:2        Vaults (0/5) D:13
 Depths (0/4) D:15          IceCv (visited)

Altars:
Ashenzari
Cheibriados
Dithmenos
Elyvilon
Fedhas
Gozag
Hepliaklqana
Kikubaaqudgha
Makhleb
Nemelex Xobeh
Okawaru
Qazlal
Ru
Sif Muna
Trog
Uskayaw
Vehumet
Wu Jian
Xom
Yredelemnul
Zin
The Shining One
Beogh

Shops:
D:5 (   D:15 [   Orc:1 !   Orc:2 ***([(

Annotations:
D:12 2 runed translucent doors, flestrin's ghost, journeyman DECj
Lair:3 3 runed translucent doors, Disaer's ghost, journeyman TrMo
Lair:6 Rupert


Innate Abilities, Weirdness & Mutations

You are immune to poison.
Your flesh is cold resistant. (rC+)
You are immune to negative energy. (rN+++)
You are immune to unholy pain and torment.
You are vulnerable to heat. (rF-)
You are strongly in touch with the powers of death.
You do not drink.


Message History

In your confused state, you trip and fall back down the stairs.
The jumping spider barely misses you. x2; The culicivora bites you.
The tarantella barely misses you.
A boulder beetle comes into view.
The jumping spider closely misses you. The jumping spider bites you.
The tarantella barely misses you.
The tarantella touches you but does no damage.
The culicivora bites you but does no damage.
The radroach closely misses you. The radroach claws you!
In your confused state, you trip and fall back down the stairs.
The jumping spider leaps!
The culicivora bites you but does no damage.
The tarantella touches you! The radroach bites you!
The radroach barely misses you.
The culicivora bites you but does no damage.
The tarantella barely misses you. The wolf spider closely misses you.
The wolf spider bites you. The wolf spider hits you!!
The wolf spider bites you but does no damage.
The culicivora completely misses you. The tarantella completely misses you.
The radroach barely misses you. The radroach claws you!
* * * LOW HITPOINT WARNING * * *
You climb upwards.
Welcome back to the Lair of Beasts!
There is a hole to the Spider Nest here.
You're too confused to cast spells.
Press: ? - help, v - describe, . - travel A hole to the Spider Nest.
You're too confused to cast spells.
Press: ? - help, v - describe, . - travel A hole to the Spider Nest.
You're too confused to cast spells.
You are too confused!
You miss the culicivora. The wolf spider hits you.
* * * LOW HITPOINT WARNING * * *
The wolf spider bites you.
* * * LOW HITPOINT WARNING * * *
The culicivora bites you but does no damage.
The tarantella touches you but does no damage.
The wolf spider misses you.
The wolf spider bites you but does no damage.
The culicivora barely misses you.
The tarantella touches you but does no damage.
The radroach bites you!
You die...

...................## #.........
...................## #.........
......###..........P# ##.........
.....## #........PP## #..........
.....####...###....# ##.........
......#.#..#######.# ##.........
.....###..###.#..######..........
..!...#^...^.^...##..............
.....##^^.#.^≈≈≈+##.......####P..
.....##.#^##.#≈sB.##.##...# ##..
.....###.^..#.≈.@######P..# ##..
.....###..#..#≈ss# ##...####...
.....##..#...^≈≈'#####.#..P......
......#....#.....##.............<
.[....##..####.#.##..............
...........^######.###.#.........
....!.......##.....# ###.........
...................# #.........
...................# #.........
...................# ##.........
##.#.....##..#..#..## #.>........


You could see a radroach, a wolf spider, a culicivora and a tarantella.

Vanquished Creatures
  Jorgrun (D:12)
  Gastronok (D:12)
  Kirke (Lair:4)
  A frost giant (D:15)
  An orc warlord (Orc:2)
  A reaper (IceCv)
  Azrael (D:12)
  An ettin (D:13)
  Josephine (Lair:4)
  5 hydras
  The ghost of P0WERM0DE the Grappler, a novice TrDe of Xom (D:8)
  5 boulder beetles
  An ogre mage (D:15)
  A catoblepas (Lair:6)
  2 centaur warriors
  9 two-headed ogres
  A dancing weapon (D:6)
  The ghost of raistware the Frost Mage, a journeyman HuIE of Vehumet (D:10)
  6 death yaks (Lair:6)
  A deep troll shaman (Lair:6)
  An orc high priest (Orc:2)
  2 tengu warriors (D:15)
  Sonja (Orc:2)
  Nergalle (Lair:4)
  5 skeletal warriors (D:15)
  Amaemon (Lair:4)
  An orb spider (Lair:2)
  The ghost of lurtze1 the Grappler, a novice TrMo (D:6)
  A phantasmal warrior (D:13)
  2 orc knights
  2 orc sorcerers (Orc:2)
  A deep elf pyromancer (D:13)
  9 ugly things
  5 cyclopes
  9 elephants
  3 manticores
  2 ice statues (IceCv)
  4 black mambas
  An orange demon (Lair:4)
  2 gargoyles
  19 cane toads
  2 rime drakes
  2 anaconda simulacra (IceCv)
  8 ice devils
  10 komodo dragons
  A hornet (D:9)
  2 polar bears
  3 meliai (D:12)
  7 trolls
  A wind drake (shapeshifter) (D:13)
  13 blink frogs
  6 dream sheep
  2 shadows (D:8)
  2 vampires
  9 wraiths
  Sigmund (D:2)
  5 hogs
  3 spriggans (D:10)
  3 wyverns
  22 yaks
  A fire elemental (D:12)
  5 basilisks
  2 death yak simulacra (IceCv)
  16 vampire mosquitoes
  7 wargs
  A harpy simulacrum (IceCv)
  5 hell hounds (D:12)
  2 acid dragons
  8 water moccasins
  35 orc warriors
  4 black bears
  3 boggarts (D:15)
  12 ogres
  23 wolves
  3 centaurs
  4 phantoms
  Blork the orc (D:6)
  2 gnoll sergeants
  2 kobold brigands
  3 necrophages
  13 bullfrogs
  A cane toad simulacrum (IceCv)
  3 two-headed ogre simulacra (IceCv)
  6 wights (D:9)
  3 killer bees (D:8)
  An elephant simulacrum (IceCv)
  5 howler monkeys
  3 electric eels (Lair:5)
  A crimson imp (D:9)
  26 orc priests
  6 hounds
  2 gnoll shamans
  4 iguanas (D:5)
  Crazy Yiuf (D:2)
  25 orc wizards
  2 polar bear simulacra (IceCv)
  4 spriggan simulacra (IceCv)
  A troll simulacrum (IceCv)
  20 gnolls
  6 adders
  6 white imps
  3 ufetubi
  3 worms
  2 dart slugs
  91 orcs
  6 bats
  5 endoplasms
  2 giant cockroaches
  5 goblins
  9 jackals
  14 kobolds
  2 quokkas
  2 ball pythons (D:3)
  3 frilled lizards
  4 rats
646 creatures vanquished.

Vanquished Creatures (others)
  90 fulminant prisms
  57 fungi
  103 plants
  3 toadstools (D:5)
  2 withered plants (D:3)
255 creatures vanquished.

Grand Total: 901 creatures vanquished

Notes
Turn   | Place    | Note
-------+----------+-------------------------------------------
     0 | D:1      | Gather the Mummy Conjurer began the quest for the Orb.
     0 | D:1      | Reached XP level 1. HP: 13/13 MP: 4/4
   464 | D:1      | Reached XP level 2. HP: 16/19 MP: 3/6
   682 | D:1      | Learned a level 2 spell: Searing Ray
  1384 | D:2      | Gained mutation: You are in touch with the powers of death.
                  | [Mummy growth]
  1384 | D:2      | Reached XP level 3. HP: 24/24 MP: 4/8
  1388 | D:2      | Learned a level 3 spell: Dazzling Flash
  2159 | D:2      | Noticed Sigmund
  2478 | D:3      | Reached skill level 4 in Conjurations
  2478 | D:3      | Reached XP level 4. HP: 31/31 MP: 5/10
  2483 | D:3      | Learned a level 4 spell: Fulminant Prism
  2641 | D:3      | Reached skill level 1 in Fighting
  2880 | D:3      | Found a faded altar of an unknown god.
  3678 | D:4      | Reached XP level 5. HP: 37/37 MP: 7/11
  3710 | D:4      | Noticed an ogre
  3731 | D:4      | Noticed an ogre
  3738 | D:4      | Killed an ogre
  4129 | D:4      | Reached XP level 6. HP: 25/43 MP: 1/12
  4169 | D:2      | HP: 2/43 [gnoll/+0 whip (4)]
  4623 | D:4      | Noticed a yak
  4661 | D:4      | Found an ornate altar of the Wu Jian Council.
  4661 | D:4      | Noticed a yak
  5123 | D:4      | Noticed a yak
  5309 | D:5      | Entered Level 5 of the Dungeon
  5456 | D:5      | Reached XP level 7. HP: 41/48 MP: 6/13
  5728 | D:4      | Reached skill level 5 in Conjurations
  6249 | D:4      | Reached skill level 5 in Spellcasting
  6565 | D:5      | Reached XP level 8. HP: 54/54 MP: 2/16
  6657 | D:5      | Found a blossoming altar of Fedhas.
  6907 | D:5      | Reached skill level 6 in Conjurations
  7492 | D:5      | Found Xidahuan's Weapon Shoppe.
  7767 | D:6      | Found a staircase to the Ecumenical Temple.
  7774 | Temple   | Entered the Ecumenical Temple
  7989 | D:6      | Noticed Blork the orc
  7995 | D:6      | Killed Blork the orc
  8476 | D:6      | Learned a level 5 spell: Irradiate
  8542 | D:6      | Found a runed translucent door.
  8548 | D:6      | Found a shimmering altar of Xom.
  8548 | D:6      | Noticed lurtze1's ghost (novice TrMo)
  8548 | D:6      | Noticed a +0 dagger of chaos
  8553 | D:6      | Identified the +6 scale mail of Reason {Harm Str-5 Int+7}
  8796 | D:6      | Reached skill level 1 in Transmutations
  9153 | D:7      | Found an iron altar of Okawaru.
  9324 | D:7      | Reached XP level 9. HP: 59/59 MP: 14/20
 10257 | D:2      | Killed Sigmund
 10258 | D:2      | Reached skill level 7 in Conjurations
 10418 | D:2      | Found a runed translucent door.
 10419 | D:2      | Noticed Crazy Yiuf
 10423 | D:2      | Killed Crazy Yiuf
 10946 | D:8      | Found a runed translucent gate.
 10946 | D:8      | Found a runed translucent gate.
 10948 | D:8      | Noticed P0WERM0DE's ghost (novice TrDe)
 10950 | D:8      | Found a runed translucent gate.
 11851 | D:8      | Found a staircase to the Lair.
 12070 | D:9      | Found an ancient bone altar of Kikubaaqudgha.
 12079 | D:9      | Reached XP level 10. HP: 71/71 MP: 14/22
 12351 | D:9      | Found a shimmering altar of Xom.
 12351 | D:9      | Found a burning altar of Makhleb.
 12360 | D:9      | Became a worshipper of Makhleb the Destroyer
 12830 | D:9      | Reached skill level 5 in Transmutations
 13324 | D:9      | You fall into a shaft and drop 2 floors!
 13454 | D:11     | Reached skill level 8 in Conjurations
 13550 | D:11     | Found a staircase to the Orcish Mines.
 13878 | D:11     | Noticed a red ugly thing
 13901 | D:11     | Killed a red ugly thing
 14162 | D:11     | Noticed a cyclops
 14229 | D:11     | Reached skill level 1 in Evocations
 14319 | D:11     | Reached skill level 5 in Fighting
 14433 | D:11     | Identified the +4 ring mail "Uxazunuz" {Regen+ Str-2 Slay+5
                  | Stlth-}
 14464 | D:11     | Noticed a centaur warrior
 14468 | D:11     | Killed a centaur warrior
 14469 | D:11     | Reached skill level 10 in Spellcasting
 14531 | D:10     | Entered Level 10 of the Dungeon
 14627 | D:10     | Noticed a two-headed ogre
 14643 | D:10     | Killed a two-headed ogre
 14643 | D:10     | Reached * piety under Makhleb
 14644 | D:10     | Reached XP level 11. HP: 59/80 MP: 9/25
 14934 | D:10     | Noticed a two-headed ogre
 15244 | Lair:1   | Entered Level 1 of the Lair of Beasts
 15665 | Lair:1   | Identified a scroll of acquirement
 15667 | Lair:1   | Acquired a book of the Spheres
 15675 | Lair:1   | Learned a level 5 spell: Iskenderun's Battlesphere
 15683 | Lair:1   | Learned a level 7 spell: Orb of Destruction
 16248 | Lair:2   | Reached skill level 1 in Armour
 16248 | Lair:2   | Reached skill level 1 in Shields
 16464 | Lair:2   | Identified the +1 falchion of Ignis's Hatred {pain, rF+++
                  | Will+ Str-5 Stlth+}
 16569 | Lair:2   | Noticed a six-headed hydra
 16888 | Lair:2   | Reached skill level 9 in Conjurations
 17308 | Lair:2   | Killed a six-headed hydra
 17641 | Lair:2   | Noticed an orb spider
 17655 | Lair:2   | Found a hole to the Spider Nest.
 17669 | Lair:2   | Killed an orb spider
 17670 | Lair:2   | Reached skill level 10 in Conjurations
 18369 | Lair:3   | Found a frozen archway.
 18509 | IceCv    | Entered an ice cave
 18822 | IceCv    | Reached ** piety under Makhleb
 18876 | IceCv    | Reached XP level 12. HP: 88/88 MP: 8/26
 19395 | IceCv    | Reached skill level 11 in Conjurations
 19778 | IceCv    | Noticed a reaper
 20040 | IceCv    | Killed a reaper
 21093 | Lair:3   | Reached skill level 12 in Conjurations
 21147 | Lair:3   | Reached *** piety under Makhleb
 21513 | Lair:3   | Noticed a minotaur
 21531 | Lair:3   | Found a runed translucent gate.
 21531 | Lair:3   | Found a runed translucent gate.
 21531 | Lair:3   | Found a runed translucent gate.
 21537 | Lair:3   | Noticed Disaer's ghost (journeyman TrMo)
 22822 | D:6      | Killed lurtze1's ghost
 22823 | D:6      | Reached skill level 13 in Conjurations
 23407 | Lair:4   | Noticed Kirke
 23952 | Lair:4   | Noticed Amaemon
 23959 | Lair:4   | Killed Amaemon
 24222 | Lair:4   | Reached skill level 5 in Stealth
 24550 | Lair:4   | Found a staircase to the Shoals.
 24692 | Lair:4   | Gained mutation: You are strongly in touch with the powers
                  | of death. [Mummy growth]
 24692 | Lair:4   | Reached XP level 13. HP: 93/93 MP: 21/27
 25163 | Lair:4   | Noticed Nergalle
 25168 | Lair:4   | Killed Nergalle
 25524 | Lair:4   | Noticed Josephine
 25535 | Lair:4   | Killed Josephine
 25730 | Lair:4   | Killed Kirke
 27506 | Lair:5   | Reached **** piety under Makhleb
 28152 | Lair:6   | Entered Level 6 of the Lair of Beasts
 28349 | Lair:6   | Reached skill level 14 in Conjurations
 29046 | Lair:6   | Found a staircase to the Slime Pits.
 30106 | Lair:6   | Reached skill level 5 in Shields
 30553 | Lair:6   | Noticed Rupert
 30852 | Lair:6   | Reached XP level 14. HP: 77/100 MP: 0/28
 31338 | Lair:6   | Reached skill level 5 in Evocations
 32237 | D:10     | Found a runed translucent door.
 32237 | D:10     | Identified the +6 trident "Lucwath" {flame, rC+ rN+}
 32241 | D:10     | Noticed raistware's ghost (journeyman HuIE)
 33551 | Orc:1    | Entered Level 1 of the Orcish Mines
 33758 | Orc:2    | Entered Level 2 of the Orcish Mines
 33770 | Orc:2    | Found Semiol's General Store.
 33783 | Orc:2    | Bought a book of Death for 616 gold pieces
 33783 | Orc:2    | Bought a scroll of teleportation for 42 gold pieces
 33788 | Orc:2    | Learned a level 4 spell: Animate Dead
 34248 | Orc:2    | Reached skill level 1 in Necromancy
 34499 | Orc:2    | Found Xiuheir's General Store.
 34584 | Orc:2    | Bought a scroll of teleportation for 39 gold pieces
 35146 | Orc:2    | Reached ***** piety under Makhleb
 35360 | Orc:2    | Noticed an orc warlord
 35369 | Orc:2    | Killed an orc warlord
 35457 | Orc:2    | Noticed Sonja
 35459 | Orc:2    | Killed Sonja
 35761 | Orc:2    | Found a staircase to the Elven Halls.
 36219 | Orc:2    | Found Boarrosh's Weapon Shop.
 36285 | Orc:2    | Upgraded the game from 0.29-a0-296-gda187f2e07 to
                  | 0.29-a0-297-g7659ce593d
 36537 | Orc:2    | Found Eleat's Antique Weapon Shop.
 36539 | Orc:2    | Found Uheocis's Antique Armour Boutique.
 36734 | Orc:2    | Found Raaruem's General Store.
 38315 | Orc:1    | Found Peukhlig's Distillery.
 38429 | Orc:1    | Reached skill level 5 in Necromancy
 38714 | D:12     | Noticed Jorgrun
 39027 | D:12     | Killed Jorgrun
 39398 | D:12     | Found a large runed translucent door.
 39398 | D:12     | Found a large runed translucent door.
 39399 | D:12     | Noticed flestrin's ghost (journeyman DECj)
 39414 | D:12     | Noticed Azrael
 39428 | D:12     | Killed Azrael
 40630 | D:12     | Noticed Gastronok
 40659 | D:12     | Killed Gastronok
 40660 | D:12     | Reached skill level 5 in Dodging
 43010 | D:13     | Found a gate to the Vaults.
 43108 | D:14     | Reached XP level 15. HP: 105/105 MP: 16/31
 44668 | D:14     | Found a hide-covered altar of Uskayaw.
 44990 | D:15     | Entered Level 15 of the Dungeon
 45190 | D:15     | Found Wokioh's Armour Shoppe.
 46961 | D:15     | Noticed a frost giant
 46998 | D:15     | Killed a frost giant
 47157 | D:15     | Found a staircase to the Depths.
 47396 | D:8      | Killed P0WERM0DE's ghost
 47647 | D:10     | Killed raistware's ghost
 48150 | Spider:1 | Entered Level 1 of the Spider Nest
 48157 | Lair:2   | Slain by a radroach

Illustrated notes

Levels and vault maps discovered:
D:1:      eino_arrival_cavern_a, layout_basic, minmay_crystal_water,
          nicolae_concentric_dashed_squares_mild
D:2:      minmay_door_path, layout_basic, kennysheep_generic_room_9,
          uniq_crazy_yiuf_cottage, uniq_sigmund
D:3:      layout_basic, ebering_ecumenical_altar_petrified
D:4:      layout_gridville, nicolae_wu_jian_wuxing_cycle,
          chequers_serial_rivers_room_a
D:5:      layout_basic, fedhas_altar_3, serial_shops,
          nicolae_shop_bloodbath_and_beyond, minmay_gold_behind_fungi
D:6:      layout_loops_ring, minmay_temple_entry_overgrown, ebering_ghost_xom,
          minivault_10, lemuel_flamethrower_2, uniq_blork_the_orc
D:7:      nicolae_cairo_tiling_large_dashed, layout_basic,
          kennysheep_little_box, serial_co_window_serial, co_window_paths_b,
          co_window_of_opportunity_a, co_window_corner_a, co_window_paths_b,
          co_window_paths_b, co_window_paths_a, co_window_of_opportunity_a,
          co_window_unsneaky_path_c, co_window_2corner, glass_columns_a,
          glass_columns_b, glass_columns_a, glass_columns_b,
          lemuel_flamethrower_1
D:8:      layout_rooms, lair_entry_dummy, gammafunk_ghost_spectres,
          serial_bayou_pond_a, kennysheep_nondescript
D:9:      layout_irregular_city, grunt_temple_overflow_champion_of_chaos,
          mainiacjoe_overflow_alcove_4
D:10:     layout_roguey, ebering_ghost_funeral_grove
D:11:     layout_loops_ring, david_orc_2, serial_park_tiny_2, patterned_corridor
D:12:     layout_basic, ebering_ghost_disaster_area, minivault_16,
          uniq_gastronok, uniq_azrael, uniq_jorgrun
D:13:     layout_grid_maze, david_vaults_4
D:14:     layout_rooms, nicolae_uskayaw_suspiria, zin_treasury
D:15:     grunt_enter_depths_snipers, layout_rooms, minivault_23, serial_shops,
          shop
Temple:   nicolae_temple_elliptical
Lair:1:   layout_loops_ring, grunt_megastairs_4, infiniplex_staircase_pool_2
Lair:2:   layout_small_grid, nicolae_spider_entry_orb_guardian,
          beast_lair_carwin_5
Lair:3:   layout_layer_cave, maelrawn_ghost_gauntlet_escape,
          portal_ice_cave_demonic_guard, lemuel_fruit_tree, lemuel_fruit_fields
Lair:4:   layout_regular_city, shoals_dummy_entry, grunt_megastairs_3,
          uniq_amaemon, uniq_josephine, uniq_nergalle, uniq_kirke
Lair:5:   layout_cellular_growth, serial_bayou, serial_bayou_lake_a,
          serial_bayou_shore_a, serial_bayou_shore_b, serial_bayou_ford_a,
          gauntlet_entry_generic, infiniplex_staircase_pool
Lair:6:   grunt_lair_end_beastmaster, layout_loops_ring,
          dpeg_slime_entry_corner, serial_bayou_crossing, grunt_megastairs_5,
          uniq_rupert
Spider:1: layout_spider_delve, nicolae_spider_orb_run
Orc:1:    layout_diamond_mine, serial_shops, nicolae_shop_behind_doors
Orc:2:    grunt_orc_community_town_hall, layout_caves,
          grunt_orc_community_big_house_2, grunt_orc_community_big_house_2,
          grunt_orc_community_house_1, grunt_orc_community_house_3,
          grunt_orc_community_house_3, grunt_orc_community_house_2,
          serial_shops, nicolae_shop_crystal, shop_statue,
          nicolae_orc_pool_cavern, uniq_sonja

Skill      XL: |  1  2  3  4  5  6  7  8  9 10 11 12 13 14 15 |
---------------+----------------------------------------------+-----
Spellcasting   | 3 4 5 7 8 10 12 | 12.6
Conjurations   | 4 5 6 7 8 10 13 14 | 14.6
Fighting       | 1 3 5 6 |  6.7
Hexes          | 2 4 |  4.8
Transmutations | 3 4 5 |  5.0
Stealth        | 2 4 5 7 |  7.7
Dodging        | 2 3 4 5 6 |  6.1
Evocations     | 2 4 5 |  5.2
Armour         | 1 |  1.7
Shields        | 1 2 5 6 8 |  8.2
Necromancy     | 6 |  6.8
Long Blades    | |  0.8

Action                   |  1- 3 |  4- 6 |  7- 9 | 10-12 | 13-15 || total
-------------------------+-------+-------+-------+-------+-------++-------
Melee: Short sword       |     2 |       |       |       |       ||     2
       Dagger            |       |       |     7 |       |       ||     7
       Mace              |       |       |       |     3 |       ||     3
       Battleaxe         |       |       |       |     6 |       ||     6
       Falchion          |       |       |       |    12 |    78 ||    90
Throw: Dart              |     8 |    12 |     6 |    11 |    17 ||    54
       Stone             |     1 |       |       |       |       ||     1
 Cast: Magic Dart        |    18 |       |       |       |       ||    18
       Searing Ray       |    21 |    42 |    50 |    45 |    53 ||   211
       Fulminant Prism   |       |       |    15 |    39 |    36 ||    90
       Irradiate         |       |       |    18 |   106 |   130 ||   254
       Orb of Destructio |       |       |       |    19 |   184 ||   203
       Iskenderun's Batt |       |       |       |     5 |     4 ||     9
Evoke: Wand              |       |       |       |       |    14 ||    14
  Use: Scroll            |     3 |     6 |     1 |    10 |     9 ||    29
 Stab: Sleeping          |       |       |     1 |     1 |       ||     2
Armor: Robe              |    19 |    19 |    19 |    41 |    74 ||   172
Dodge: Dodged            |    23 |    41 |    33 |    93 |   189 ||   379
Block: Kite shield       |       |       |       |       |    33 ||    33

Table legend: (Time is in decaauts)
 A = Elapsed time spent in this place.
 B = Non-inter-level travel time spent in this place.
 C = Inter-level travel time spent in this place.
 D = Time resting spent in this place.
 E = Time spent auto-exploring this place.
 F = Levels seen in this place.
 G = Mean time per level.
                   A        B        C        D        E       F      G
               +--------+--------+--------+--------+--------+-----+--------+
         Total |  48391 |  45401 |   2990 |  12266 |  25296 |  26 | 1861.2 |
       Dungeon |  26410 |  24485 |   1925 |   5575 |  14864 |  15 | 1760.7 |
        Temple |    180 |    157 |     23 |      0 |    142 |   1 |  180.0 |
          Lair |  14513 |  13681 |    832 |   3958 |   7509 |   6 | 2418.8 |
   Spider Nest |      5 |      5 |      0 |      0 |      0 |   1 |    5.0 |
  Orcish Mines |   5032 |   4824 |    208 |   1644 |   2205 |   2 | 2516.0 |
      Ice Cave |   2249 |   2249 |      0 |   1089 |    575 |   1 | 2249.0 |
               +--------+--------+--------+--------+--------+-----+--------+

Top non-repeatable levels by time:
   Orc:2: 4259 daAuts
  Lair:6: 3095 daAuts
    D:13: 2840 daAuts
  Lair:3: 2653 daAuts
  Lair:5: 2556 daAuts
    D:11: 2517 daAuts
  Lair:4: 2455 daAuts
   IceCv: 2249 daAuts
  Lair:2: 2178 daAuts
    D:12: 1957 daAuts
     D:4: 1898 daAuts
    D:15: 1778 daAuts
     D:3: 1748 daAuts
    D:14: 1692 daAuts
     D:5: 1615 daAuts
